3AA
VIRGINIA BEACH DEUCES @ YAKIMA HOPS
06/17/2034
 
TOP OF THE 1ST
Virginia Beach Deuces batting - Pitching for Yakima Hops : RHP Elroy Quaid
Pitching: RHP Elroy Quaid
Batting: RHB Luis Díaz 0-0: Called Strike
0-1: Ground out 6-3 (Groundball, 6)
Batting: RHB Stephen McManus 0-0: Swinging Strike
0-1: Ground out 5-3 (Groundball, 56)
Batting: RHB Andrew Crosby 0-0: Ball
1-0: Ball
2-0: Called Strike
2-1: Ball
3-1: Called Strike
3-2: SOLO HOME RUN (Flyball, 7D), Distance : 404 ft
Batting: LHB Jaime Aguilar 0-0: Ball
1-0: Ball
2-0: Ball
3-0: Base on Balls
Batting: RHB Richard Sonntag 0-0: Fielders Choice at 2nd, 6-4 (Groundball, 6)
Top of the 1st over - 1 run, 1 hit, 0 errors, 1 left on base; Virginia Beach 1 - Yakima 0
BOTTOM OF THE 1ST
Yakima Hops batting - Pitching for Virginia Beach Deuces : RHP Earl Danziger
Pitching: RHP Earl Danziger
Batting: SHB Zack Murphy 0-0: Ground out 5-3 (Groundball, 56S)
Batting: LHB Gustavo Deleón 0-0: Called Strike
0-1: Foul Ball, location: 2F
0-2: Ball
1-2: Ball
2-2: Foul Ball, location: 2F
2-2: Foul Ball, location: 2F
2-2: Ball
3-2: Fly out, F8 (Flyball, 8LM)
Batting: RHB Vonne Navarrete 0-0: Ball
1-0: SINGLE (Line Drive, 6MD)
Batting: RHB Bob Houghton 0-0: Ball
1-0: Foul Ball, location: 2F
1-1: Swinging Strike
1-2: Strikes out swinging
Bottom of the 1st over - 0 runs, 1 hit, 0 errors, 1 left on base; Virginia Beach 1 - Yakima 0
TOP OF THE 2ND
Virginia Beach Deuces batting - Pitching for Yakima Hops : RHP Elroy Quaid
Batting: RHB Owen Cannon 0-0: Called Strike
0-1: Ball
1-1: Foul Ball, location: 2F
1-2: Ball
2-2: Ground out 4-3 (Groundball, 4)
Batting: SHB Iikka Karpinen 0-0: Foul Ball, location: 2F
0-1: Ground out 4-3 (Groundball, 34)
Batting: RHB Juan González 0-0: Ball
1-0: Ball
2-0: Swinging Strike
2-1: Foul Ball, location: 2F
2-2: Ball
3-2: Foul Ball, location: 2F
3-2: Base on Balls
Batting: RHB Félix Vaca 0-0: Called Strike
0-1: Swinging Strike
0-2: Ball
1-2: Foul Ball, location: 2F
1-2: Ball
2-2: Ball
3-2: Foul Ball, location: 2F
3-2: Strikes out swinging
Top of the 2nd over - 0 runs, 0 hits, 0 errors, 1 left on base; Virginia Beach 1 - Yakima 0
BOTTOM OF THE 2ND
Yakima Hops batting - Pitching for Virginia Beach Deuces : RHP Earl Danziger
Batting: RHB Carlo Beedle 0-0: Called Strike
0-1: Called Strike
0-2: Ball
1-2: Ball
2-2: Foul Ball, location: 2F
2-2: Foul Ball, location: 2F
2-2: Fly out, F8 (Flyball, 8RXD)
Batting: RHB Jeromy Gride 0-0: SINGLE (Groundball, 56D)
Batting: LHB Héctor Velázquez 0-0: Ball
1-0: Reached on error, E8 (Line Drive, 8LD)
Jeromy Gride to third
Batting: RHB Luis León 0-0: Ball
1-0: Hit by Pitch
Batting: RHB George Hubbard 0-0: Ball
1-0: Swinging Strike
1-1: Ball
2-1: Fly out, F7 (Flyball, 78M)
Runner from 3rd tags up, OUT at HOME
Bottom of the 2nd over - 0 runs, 1 hit, 1 error, 2 left on base; Virginia Beach 1 - Yakima 0
TOP OF THE 3RD
Virginia Beach Deuces batting - Pitching for Yakima Hops : RHP Elroy Quaid
Batting: RHB Luis Díaz 0-0: Ball
1-0: Ball
2-0: Fly out, F9 (Flyball, 9S)
Batting: RHB Stephen McManus 0-0: Called Strike
0-1: Ground out 6-3 (Groundball, 6)
Batting: RHB Andrew Crosby 0-0: Called Strike
0-1: Ball
1-1: Foul Ball, location: 2F
1-2: DOUBLE (Flyball, 8RXD)
Batting: LHB Jaime Aguilar 0-0: Ball
1-0: Foul Ball, location: 2F
1-1: Ball
2-1: Foul Ball, location: 2F
2-2: Ground out 4-3 (Groundball, 4)
Top of the 3rd over - 0 runs, 1 hit, 0 errors, 1 left on base; Virginia Beach 1 - Yakima 0
BOTTOM OF THE 3RD
Yakima Hops batting - Pitching for Virginia Beach Deuces : RHP Earl Danziger
Batting: SHB Zack Murphy 0-0: Ball
1-0: Ball
2-0: Called Strike
2-1: Called Strike
2-2: Ball
3-2: Ground out 5-3 (Groundball, 56)
Batting: LHB Gustavo Deleón 0-0: Ground out 4-3 (Groundball, 4)
Batting: RHB Vonne Navarrete 0-0: Ball
1-0: Foul Ball, location: 2F
1-1: Ball
2-1: Ground out 6-3 (Groundball, 6)
Bottom of the 3rd over - 0 runs, 0 hits, 0 errors, 0 left on base; Virginia Beach 1 - Yakima 0
TOP OF THE 4TH
Virginia Beach Deuces batting - Pitching for Yakima Hops : RHP Elroy Quaid
Batting: RHB Richard Sonntag 0-0: Ball
1-0: Fly out, F5 (Flyball, 5D)
Batting: RHB Owen Cannon 0-0: Foul Ball, location: 2F
0-1: Swinging Strike
0-2: Ball
1-2: Ball
2-2: Ball
3-2: Foul Ball, location: 2F
3-2: Fly out, F7 (Flyball, 7D)
Batting: SHB Iikka Karpinen 0-0: Ball
1-0: Foul Ball, location: 2F
1-1: Ball
2-1: Ground out 4-3 (Groundball, 4)
Top of the 4th over - 0 runs, 0 hits, 0 errors, 0 left on base; Virginia Beach 1 - Yakima 0
BOTTOM OF THE 4TH
Yakima Hops batting - Pitching for Virginia Beach Deuces : RHP Earl Danziger
Batting: RHB Bob Houghton 0-0: Ball
1-0: Ground out 5-3 (Groundball, 56S)
Batting: RHB Carlo Beedle 0-0: Ball
1-0: Ball
2-0: Foul Ball, location: 2F
2-1: Swinging Strike
2-2: SINGLE (Flyball, 89S)
Batting: RHB Jeromy Gride 0-0: Ball
1-0: Called Strike
1-1: Ball
2-1: Fly out, F6 (Popup, 6)
Batting: LHB Héctor Velázquez 0-0: Called Strike
0-1: Called Strike
0-2: Foul Ball, location: 2F
0-2: Ball
1-2: Ball
2-2: Ground out U3 (Groundball, 34)
Bottom of the 4th over - 0 runs, 1 hit, 0 errors, 1 left on base; Virginia Beach 1 - Yakima 0
TOP OF THE 5TH
Virginia Beach Deuces batting - Pitching for Yakima Hops : RHP Elroy Quaid
Batting: RHB Juan González 0-0: Ball
1-0: Foul Ball, location: 2F
1-1: Foul Ball, location: 2F
1-2: Fly out, F5 (Popup, 56)
Batting: RHB Félix Vaca 0-0: Ball
1-0: Called Strike
1-1: Foul Ball, location: 2F
1-2: Strikes out looking
Batting: RHB Luis Díaz 0-0: Ball
1-0: Fly out, F8 (Flyball, 8LM)
Top of the 5th over - 0 runs, 0 hits, 0 errors, 0 left on base; Virginia Beach 1 - Yakima 0
BOTTOM OF THE 5TH
Yakima Hops batting - Pitching for Virginia Beach Deuces : RHP Earl Danziger
Batting: RHB Luis León 0-0: Called Strike
0-1: Ground out 5-3 (Groundball, 56S)
Batting: RHB George Hubbard 0-0: Swinging Strike
0-1: Called Strike
0-2: Ball
1-2: Strikes out looking
Batting: SHB Zack Murphy 0-0: Foul Ball, location: 2F
0-1: Swinging Strike
0-2: Foul Ball, location: 2F
0-2: Ball
1-2: Strikes out swinging
Bottom of the 5th over - 0 runs, 0 hits, 0 errors, 0 left on base; Virginia Beach 1 - Yakima 0
TOP OF THE 6TH
Virginia Beach Deuces batting - Pitching for Yakima Hops : RHP Elroy Quaid
Batting: RHB Stephen McManus 0-0: Fly out, F9 (Flyball, 9S)
Batting: RHB Andrew Crosby 0-0: Called Strike
0-1: Foul Ball, location: 2F
0-2: Strikes out looking
Batting: LHB Jaime Aguilar 0-0: Ball
1-0: Foul Ball, location: 2F
1-1: SINGLE (Flyball, 7S)
Batting: RHB Richard Sonntag 0-0: SINGLE (Line Drive, 6D)
Jaime Aguilar to second
Batting: RHB Owen Cannon 0-0: Called Strike
0-1: Foul Ball, location: 2F
0-2: Foul Ball, location: 2F
0-2: Strikes out looking
Top of the 6th over - 0 runs, 2 hits, 0 errors, 2 left on base; Virginia Beach 1 - Yakima 0
BOTTOM OF THE 6TH
Yakima Hops batting - Pitching for Virginia Beach Deuces : RHP Earl Danziger
Batting: LHB Gustavo Deleón 0-0: Called Strike
0-1: Swinging Strike
0-2: SINGLE (Flyball, 78M)
Batting: RHB Vonne Navarrete 0-0: DOUBLE (Line Drive, 8LXD)
Gustavo Deleón to third
Batting: RHB Bob Houghton 0-0: Foul Ball, location: 2F
0-1: Called Strike
0-2: Foul Ball, location: 2F
0-2: Ball
1-2: Foul Ball, location: 2F
1-2: Strikes out swinging
Batting: RHB Carlo Beedle 0-0: Called Strike
0-1: Ball
1-1: Ball
2-1: DOUBLE (Flyball, 8RXD)
Gustavo Deleón scores
Vonne Navarrete scores
Batting: RHB Jeromy Gride 0-0: SINGLE (Flyball, 9S)
Carlo Beedle to third
Runner from 3rd tries for Home, SAFE, no throw
Batting: LHB Héctor Velázquez 0-0: Foul Ball, location: 2F
0-1: Ball
1-1: Called Strike
1-2: Strikes out swinging
Batting: RHB Luis León 0-0: Ball
1-0: Called Strike
1-1: Foul Ball, location: 2F
1-2: Foul Ball, location: 2F
1-2: Ball
2-2: Ball
3-2: Base on Balls
Jeromy Gride to second
Batting: RHB George Hubbard 0-0: Foul Ball, location: 2F
0-1: Ball
1-1: Ball
2-1: DOUBLE (Line Drive, 89XD)
Jeromy Gride scores
Luis León to third
Runner from 3rd tries for Home, SAFE, throw made at trailing runner, SAFE at third!
Batting: SHB Zack Murphy 0-0: Swinging Strike
0-1: SINGLE (Flyball, 78S)
George Hubbard scores
Pitching: RHP Ted Hendrickson
Batting: LHB Gustavo Deleón 0-0: Foul Ball, location: 2F
0-1: Ball
1-1: SINGLE (Groundball, 6MD)
Zack Murphy to second
Runner from 2nd tries for 3rd, OUT!
Bottom of the 6th over - 6 runs, 7 hits, 0 errors, 1 left on base; Virginia Beach 1 - Yakima 6
TOP OF THE 7TH
Virginia Beach Deuces batting - Pitching for Yakima Hops : RHP Elroy Quaid
Batting: SHB Iikka Karpinen 0-0: Foul Ball, location: 2F
0-1: Ball
1-1: Ball
2-1: Ground out 3-1 (Groundball, 3S)
Pitching: RHP Patrick Buzard
Batting: RHB Juan González 0-0: Called Strike
0-1: Called Strike
0-2: Strikes out swinging
Batting: RHB Félix Vaca 0-0: Called Strike
0-1: Ground out 6-3 (Groundball, 6)
Top of the 7th over - 0 runs, 0 hits, 0 errors, 0 left on base; Virginia Beach 1 - Yakima 6
BOTTOM OF THE 7TH
Yakima Hops batting - Pitching for Virginia Beach Deuces : RHP Ted Hendrickson
Batting: RHB Vonne Navarrete 0-0: Ball
1-0: SINGLE (Groundball, 6D)
Batting: RHB Bob Houghton 0-0: Called Strike
0-1: Foul Ball, location: 2F
0-2: Strikes out swinging
Pitching: LHP Gwang-soo Park
Batting: RHB Carlo Beedle 0-0: Ball
1-0: Ball
2-0: Ball
3-0: Called Strike
3-1: Called Strike
3-2: Base on Balls
Vonne Navarrete to second
Batting: RHB Jeromy Gride 0-0: Called Strike
0-1: Ball
1-1: Fly out, F9 (Flyball, 9)
Batting: LHB Héctor Velázquez 0-0: Foul Ball, location: 2F
0-1: Swinging Strike
0-2: Fly out, F7 (Flyball, 7)
Bottom of the 7th over - 0 runs, 1 hit, 0 errors, 2 left on base; Virginia Beach 1 - Yakima 6
TOP OF THE 8TH
Virginia Beach Deuces batting - Pitching for Yakima Hops : RHP Patrick Buzard
Now at C: Nicholas Seal
Batting: RHB Luis Díaz 0-0: Ball
1-0: SINGLE (Groundball, 6MD)
Batting: RHB Stephen McManus 0-0: Foul Ball, location: 2F
0-1: Ball
1-1: Called Strike
1-2: Grounds into double play, 1-6-3 (Groundball, 13S)
Batting: RHB Andrew Crosby 0-0: Called Strike
0-1: Ball
1-1: Ground out 6-3 (Groundball, 6)
Top of the 8th over - 0 runs, 1 hit, 0 errors, 0 left on base; Virginia Beach 1 - Yakima 6
BOTTOM OF THE 8TH
Yakima Hops batting - Pitching for Virginia Beach Deuces : LHP Gwang-soo Park
Batting: RHB Luis León 0-0: Called Strike
0-1: Ball
1-1: Foul Ball, location: 2F
1-2: Ball
2-2: Ball
3-2: Base on Balls
Batting: RHB George Hubbard 0-0: Ball
1-0: Called Strike
1-1: Foul Ball, location: 2F
1-2: Ball
2-2: Ground out 3-1 (Groundball, 34S)
Luis León to second
Batting: SHB Zack Murphy 0-0: Ball
1-0: Ball
2-0: Ball
3-0: Called Strike
3-1: Swinging Strike
3-2: Base on Balls
Batting: LHB Gustavo Deleón 0-0: Ball
1-0: Ball
2-0: Ball
3-0: Base on Balls
Luis León to third
Zack Murphy to second
Batting: RHB Vonne Navarrete 0-0: Ball
1-0: Swinging Strike
1-1: SINGLE (Line Drive, 56)
Luis León scores
Zack Murphy to third
Gustavo Deleón to second
Runner from 3rd tries for Home, throw and OUT!
Gustavo Deleón to third
Vonne Navarrete to second
Batting: RHB Bob Houghton 0-0: Ground out 6-3 (Groundball, 6)
Bottom of the 8th over - 1 run, 1 hit, 0 errors, 2 left on base; Virginia Beach 1 - Yakima 7
TOP OF THE 9TH
Virginia Beach Deuces batting - Pitching for Yakima Hops : RHP Patrick Buzard
Batting: LHB Jaime Aguilar 0-0: Called Strike
0-1: Called Strike
0-2: Ball
1-2: Ball
2-2: Ball
3-2: Foul Ball, location: 2F
3-2: Base on Balls
Batting: RHB Richard Sonntag 0-0: Foul Ball, location: 2F
0-1: Foul Ball, location: 2F
0-2: Ball
1-2: Ball
2-2: Grounds into double play, 5-4-3 (Groundball, 5)
Batting: RHB Owen Cannon 0-0: Ball
1-0: Foul Ball, location: 2F
1-1: Ball
2-1: Fly out, F1 (Line Drive, 15)
Top of the 9th over - 0 runs, 0 hits, 0 errors, 0 left on base; Virginia Beach 1 - Yakima 7
Friday, March 29th, 2019 - OOTP Baseball 18.8 Build 76